 Dungeon Crawl Stone Soup version 0.26-a0-851-g735459dd53 (webtiles) character file.

Game seed: 9978962802541053640

214 Conn the Firebug (level 5, 0/49 HPs)
             Began as an Octopode Fire Elementalist on Nov 21, 2020.
             Slain by a quokka (4 damage)
             ... on level 3 of the Dungeon.
             The game lasted 00:11:10 (5116 turns).

Conn the Firebug (Octopode Fire Elementalist)       Turns: 5116, Time: 00:11:10

Health: 0/49       AC:  1    Str:  8    XL:     5   Next: 91%
Magic:  8/9        EV: 10    Int: 18    God:
Gold:   134        SH:  0    Dex: 12    Spells: 3/10 levels left

rFire    . . .     SeeInvis .   h - +0 short sword
rCold    . . .     Faith    .   (no shield)
rNeg     . . .     Spirit   .   (helmet restricted)
rPois    .         Reflect  .   (no amulet)
rElec    .         Harm     .   l - -4 ring of evasion (curse)
rCorr    .         Rampage  .   (no ring)
MR       .....                  (no ring)
Stlth    ..........             (no ring)
HPRegen  0.16/turn              (no ring)
MPRegen  0.11/turn              (no ring)
                                (no ring)
                                (no ring)

@: berserking, very quick
A: almost no armour, stealthy swim, amphibious, 8 rings, constrict 8, camouflage
1, gelatinous body 1
a: no special abilities


You were on level 3 of the Dungeon.
You visited 1 branch of the dungeon, and saw 4 of its levels.

You collected 134 gold pieces.

Inventory:

Hand Weapons
 h - a +0 short sword (weapon)
Missiles
 n - 9 poisoned darts (quivered)
Armour
 i - a +2 tower shield
Jewellery
 g - an uncursed ring of ice
 l - a cursed -4 ring of evasion (left tentacle)
Wands
 a - a wand of random effects (14)
Scrolls
 k - a scroll of enchant armour
 m - a scroll of teleportation
Potions
 b - a potion of berserk rage
 c - a potion of flight {unknown}
 d - a potion of might {unknown}
 e - 2 potions of heal wounds {unknown}
 f - a potion of brilliance {unknown}
 j - 2 potions of lignification {unknown}


   Skills:
 + Level 1.1 Fighting
 + Level 0.8 Short Blades
 + Level 2.7 Dodging
 + Level 3.6 Stealth
 + Level 3.1 Spellcasting
 + Level 2.1 Conjurations
 + Level 4.2 Fire Magic


You had 3 spell levels left.
You knew the following spells:

 Your Spells              Type           Power        Failure   Level
a - Foxfire               Conj/Fire      ##..         4%          1
b - Conjure Flame         Conj/Fire      ##......     13%         3
c - Inner Flame           Hex/Fire       ##......     21%         3

Your spell library contained the following spells:

 Spells                   Type           Power        Failure   Level
 Sticky Flame             Conj/Fire      ##......     41%         4
 Fireball                 Conj/Fire      ##........   77%         5


Dungeon Overview and Level Annotations

Branches:
Dungeon (4/15)
 Temple: D:4-7

Altars:
Elyvilon
The Shining One


Innate Abilities, Weirdness & Mutations

You cannot wear most types of armour.
You are very stealthy in the water. (Stealth+)
You are amphibious.
You can wear up to eight rings at the same time.
You can use your tentacles to constrict eight enemies at once.
Your skin changes colour to match your surroundings (Stealth+).
Your rubbery body absorbs attacks. (AC +1, EV +1)


Message History

* * * LOW HITPOINT WARNING * * *
There is a stone staircase leading up here.
The quokka bites you.
* * * LOW HITPOINT WARNING * * *
You climb upwards.
There is a stone staircase leading down here.
Casting: Foxfire (safe; 4% risk of failure)
Confirm with . or Enter, or press ? or * to list all spells.
Okay, then.
Unknown command.
Unknown command.
It was a potion of berserk rage.
A red film seems to cover your vision as you go berserk!
You feel yourself moving faster!
You feel mighty! The quokka bites you.
* * * LOW HITPOINT WARNING * * *
You miss the quokka. You grab the quokka.
The quokka is heavily wounded.
You constrict the quokka, but do no damage.
The quokka bites you.
You die...

#### #... #.##
#####################)#.
#.....r@............).))
##.####....##########(#.
#.#..........###.....#.
#.#.#..##.........#####
#.#.#..##.........# #
##'###..##.........#####
##...##>.##..............
#.....#..................
#.....#...#.....########.


You could see a quokka.

Vanquished Creatures
  3 adders
  7 gnolls
  An ooze (D:3)
  3 worms
  2 dart slugs
  A leopard gecko (D:3)
  14 orcs
  4 goblins
  10 hobgoblins
  11 jackals
  A quokka (D:3)
  A ball python (D:1)
  12 bats
  8 frilled lizards
  5 kobolds
  5 rats
88 creatures vanquished.

Vanquished Creatures (others)
  247 foxfires
247 creatures vanquished.

Grand Total: 335 creatures vanquished

Notes
Turn   | Place    | Note
-------+----------+-------------------------------------------
     0 | D:1      | Conn the Octopode Fire Elementalist began the quest for the
                  | Orb.
     0 | D:1      | Reached XP level 1. HP: 11/11 MP: 3/3
   206 | D:1      | Reached XP level 2. HP: 17/17 MP: 0/5
   898 | D:1      | Reached XP level 3. HP: 15/21 MP: 1/6
  1794 | D:2      | Learned a level 3 spell: Conjure Flame
  1798 | D:2      | Learned a level 3 spell: Inner Flame
  1890 | D:2      | Reached XP level 4. HP: 27/27 MP: 1/7
  2188 | D:2      | Found a white marble altar of Elyvilon.
  2535 | D:3      | Found a glowing golden altar of the Shining One.
  2863 | D:3      | Reached skill level 4 in Fire Magic
  2863 | D:3      | Reached XP level 5. HP: 19/32 MP: 9/9
  3336 | D:3      | Reached skill level 1 in Fighting
  5116 | D:3      | Slain by a quokka

Illustrated notes

Levels and vault maps discovered:
D:1:      dpeg_arrival_water_fire, layout_loops_ring, corexii_leaking_fountain,
          minmay_tiny_reverse_x
D:2:      layout_basic, elyvilon_altar_5
D:3:      layout_basic, general_overflow_altar, st_stairs_8
D:4:      layout_basic, grunt_temple_overflow_lords_of_destruction,
          minmay_temple_entry_mini_moons

Skill      XL: |  1  2  3  4  5 |
---------------+----------------+-----
Stealth        | 3 |  3.6
Fire Magic     | 4 |  4.2
Fighting       | 1 |  1.1
Conjurations   | 2 |  2.1
Spellcasting   | 3 |  3.1
Short Blades   | |  0.8
Dodging        | |  2.7

Action                   |  1- 3 |  4- 6 || total
-------------------------+-------+-------++-------
Melee: Unarmed           |     8 |       ||     8
       Short sword       |    22 |    43 ||    65
       Constrict         |     6 |    13 ||    19
       Tentacles         |     1 |     8 ||     9
 Cast: Foxfire           |    65 |    76 ||   141
       Conjure Flame     |       |     2 ||     2
  Use: Scroll            |       |     3 ||     3
       Potion            |       |     1 ||     1
 Stab: Sleeping          |       |     3 ||     3
Armor: Skin              |    16 |    20 ||    36
Dodge: Dodged            |    56 |    63 ||   119

Table legend: (Time is in decaauts)
 A = Elapsed time spent in this place.
 B = Non-inter-level travel time spent in this place.
 C = Inter-level travel time spent in this place.
 D = Time resting spent in this place.
 E = Time spent auto-exploring this place.
 F = Levels seen in this place.
 G = Mean time per level.
                   A        B        C        D        E       F      G
               +--------+--------+--------+--------+--------+-----+--------+
         Total |   5119 |   5064 |     55 |   1144 |   2456 |   4 | 1279.8 |
       Dungeon |   5119 |   5064 |     55 |   1144 |   2456 |   4 | 1279.8 |
               +--------+--------+--------+--------+--------+-----+--------+

Top non-repeatable levels by time:
     D:3: 2205 daAuts
     D:1: 1346 daAuts
     D:2: 1188 daAuts
     D:4: 379 daAuts
